 Dungeon Crawl Stone Soup version 0.25-a0-443-gece2dee8bd (webtiles) character file.

Game seed: 4417778842521825758, levelgen mode: deterministic

118 Elellon the Conjurer (level 4, -10/24 HPs)
             Began as a Deep Elf Conjurer on Jan 30, 2020.
             Mangled by an orc warrior
             ... wielding a +0 trident
              (21 damage)
             ... on level 3 of the Dungeon.
             The game lasted 00:03:12 (2284 turns).

Elellon the Conjurer (Deep Elf Conjurer)            Turns: 2284, Time: 00:03:12

Health: -10/24     AC:  3    Str:  6    XL:     4   Next: 72%
Magic:  8/12       EV: 12    Int: 20    God:
Gold:   87         SH:  4    Dex: 15    Spells: 9/12 levels left

rFire    . . .     SeeInvis .   (no weapon)
rCold    . . .     Gourm    .   b - +0 buckler
rNeg     . . .     Faith    .   a - +0 robe
rPois    .         Spirit   .   (no helmet)
rElec    .         Reflect  .   (no cloak)
rCorr    .         Harm     .   p - +0 pair of gloves
MR       .....                  (no boots)
Stlth    ++........             (no amulet)
HPRegen  0.08/turn              (no ring)
MPRegen  0.13/turn              (no ring)

@: no status effects
A: no striking features
a: no special abilities


You were on level 3 of the Dungeon.
You were not hungry.

You visited 1 branch of the dungeon, and saw 3 of its levels.

You collected 87 gold pieces.

Inventory:

Armour
 a - a +0 robe (worn)
 b - a +0 buckler (worn)
 p - a +0 pair of gloves (worn)
Jewellery
 t - an uncursed amulet of guardian spirit {unknown}
Scrolls
 e - 4 scrolls of teleportation {unknown}
 h - a scroll of random uselessness {unknown}
 j - a scroll of fear {unknown}
 l - 2 scrolls of remove curse {unknown}
 m - a scroll of enchant armour {unknown}
 q - 4 scrolls of identify {unknown}
 r - a scroll of immolation {unknown}
 s - a scroll of enchant weapon {unknown}
Potions
 d - a potion of curing {unknown}
 f - a potion of heal wounds {unknown}
 g - 2 potions of haste {unknown}
 k - a potion of lignification {unknown}
 n - a potion of degeneration {unknown}
 o - a potion of ambrosia {unknown}
Comestibles
 c - 5 rations


   Skills:
 - Level 2.4 Dodging
 - Level 2.4 Stealth
 + Level 2.0 Shields
 + Level 4.6 Spellcasting
 + Level 5.2 Conjurations


You had 9 spell levels left.
You knew the following spells:

 Your Spells              Type           Power        Failure   Level  Hunger
a - Magic Dart            Conj           ####         1%          1    None
b - Searing Ray           Conj           ####..       2%          2    #......

Your spell library contained the following spells:

 Spells                   Type           Power        Failure   Level  Hunger
 Dazzling Flash           Conj/Hex       ###...       16%         3    ##.....
 Fulminant Prism          Conj/Hex       ###.......   45%         4    ####...
 Iskenderun's Mystic Bla  Conj/Tloc      ###.....     45%         4    ####...


Dungeon Overview and Level Annotations

Branches:
Dungeon (3/15)

Altars:


Message History

Aim: an orc warrior, wielding a +0 trident and wearing a +0 plate armour The magic dart hits the orc warrior.
The orc warrior is lightly wounded.
The orc priest calls upon Beogh to heal the orc warrior.
The orc warrior's wounds heal themselves!
You see here a goblin corpse.
You block the orc warrior's attack.
Casting: Magic Dart (safe; 1% risk of failure)
Confirm with . or Enter, or press ? or * to list all spells.
Aiming: Searing Ray (safe; 2% risk of failure)
Press: ? - help, Shift-Dir - straight line, f/p - orc warrior
Aim: an orc warrior, wielding a +0 trident and wearing a +0 plate armour The searing ray hits the orc warrior.
The orc warrior is moderately wounded.
The searing ray hits the orc priest.
The orc priest is moderately wounded. (Press . to maintain the ray.)
The orc warrior hits you from afar with a +0 trident!!
Ouch! That really hurt!
You die...

.# w ..
..#.# ...o
S..
#w##########
#..ooo.@†.?#
#..........#
#..........#
#........?.#
#..........#
##.........#
#.....$...#
#.........#
########.#.


You could see an orc warrior, a worm, an orc priest and an orc.

Vanquished Creatures
  An orc wizard (D:2)
  Jessica (D:2)
  A gnoll (D:1)
  2 dart slugs (D:2)
  3 leopard geckos
  4 orcs
  A giant cockroach (D:1)
  6 goblins
  2 hobgoblins (D:1)
  7 kobolds (D:1)
  7 bats
  2 frilled lizards
  9 rats
46 creatures vanquished.

Vanquished Creatures (others)
  A plant (D:1)
1 creature vanquished.

Grand Total: 47 creatures vanquished

Notes
Turn   | Place    | Note
-------+----------+-------------------------------------------
     0 | D:1      | Elellon the Deep Elf Conjurer began the quest for the Orb.
     0 | D:1      | Reached XP level 1. HP: 10/10 MP: 6/6
   382 | D:1      | Reached XP level 2. HP: 15/15 MP: 1/8
   445 | D:1      | Learned a level 2 spell: Searing Ray
   580 | D:1      | Reached skill level 1 in Shields
  1032 | D:1      | Reached XP level 3. HP: 19/19 MP: 8/10
  1529 | D:2      | Noticed Jessica
  1533 | D:2      | Killed Jessica
  1533 | D:2      | Reached skill level 5 in Conjurations
  1533 | D:2      | Reached XP level 4. HP: 24/24 MP: 7/12
  2271 | D:3      | Noticed an orc warrior
  2284 | D:3      | Mangled by an orc warrior

Levels and vault maps discovered:
D:1:      dpeg_arrival_ratfight, layout_basic, lexackson_kobold_supper
D:2:      layout_rooms, first_ration, uniq_jessica
D:3:      layout_basic, tso_altar

Skill      XL: |  1  2  3  4 |
---------------+-------------+-----
Shields        | 1 2 |  2.0
Spellcasting   | 4 |  4.6
Conjurations   | 5 |  5.2
Dodging        | |  2.4
Stealth        | |  2.4

Action                   |  1- 3 |  4- 6 || total
-------------------------+-------+-------++-------
Melee: Unarmed           |     1 |     1 ||     2
 Cast: Magic Dart        |    68 |    27 ||    95
       Searing Ray       |     2 |     1 ||     3
  Eat: Chunk             |     2 |     2 ||     4
Armor: Robe              |     1 |       ||     1
Dodge: Dodged            |    11 |       ||    11
Block: Buckler           |     1 |     4 ||     5

Table legend:
 A = Non-vault XP
 B = Vault XP
 C = Vault XP percentage of total XP
 D = Non-vault monster count
 E = Vault monster count
 F = Vault count percentage of total count
                 A         B        C        D         E       F
            +---------+---------+-------+---------+---------+-------
      Total |     114 |      55 |  32.5 |      32 |      14 |  30.4
            +---------+---------+-------+---------+---------+-------
        D:1 |      33 |      18 |  35.3 |      13 |      13 |  50.0
        D:2 |      79 |      37 |  31.9 |      18 |       1 |   5.3
        D:3 |       2 |       0 |   0.0 |       1 |       0 |   0.0
            +---------+---------+-------+---------+---------+-------
